 Dungeon Crawl Stone Soup version 0.30.1-9-gdf580d7c3d (webtiles) character file.

Game seed: 8120444762289659734

42 growler the Gusty (level 3, -2/19 HPs)
             Began as a Tengu Air Elementalist on Sept 30, 2023.
             Killed from afar by Sigmund (12 damage)
             ... with a puff of flame
             ... on level 2 of the Dungeon.
             The game lasted 00:02:41 (1492 turns).

growler the Gusty (Tengu Air Elementalist)          Turns: 1492, Time: 00:02:42

Health: -2/19      AC:  2    Str:  8    XL:     3   Next: 56%
Magic:  1/7        EV: 12    Int: 17    God:
Gold:   77         SH:  0    Dex: 14    Spells: 1/7 levels left

rFire   . . .        (no weapon)
rCold   . . .        (no shield)
rNeg    . . .        a - +0 robe
rPois   .            (helmet restricted)
rElec   .            (no cloak)
rCorr   .            (no gloves)
SInv    .            (boots unavailable)
Will    .....        (no amulet)
Stlth   ++           (no ring)
HPRegen 0.23/turn    (no ring)
MPRegen 0.10/turn

%: no passive effects
@: no status effects
A: beak, talons 3
a: no special abilities


You were on level 2 of the Dungeon.
You visited 1 branch of the dungeon, and saw 2 of its levels.

You collected 77 gold pieces.

Inventory:

Armour
 a - a +0 robe (worn)
Scrolls
 c - 6 scrolls of identify {unknown}
 e - a scroll of amnesia {unknown}
 g - 2 scrolls of immolation {unknown}
 i - a scroll of enchant armour {unknown}
 j - 2 scrolls of fear {unknown}
 k - a scroll of enchant weapon {unknown}
Potions
 b - a potion of magic
 d - a potion of heal wounds {unknown}
 f - 2 potions of lignification {unknown}
 h - a potion of flight {unknown}
 l - a potion of attraction {unknown}


   Skills:
 - Level 2.1 Dodging
 - Level 2.0 Stealth
 + Level 2.6 Spellcasting
 + Level 2.7 Conjurations
 + Level 4.7 Air Magic


You had one spell level left.
You knew the following spells:

 Your Spells              Type           Power      Damage    Failure   Level
a - Shock                 Conj/Air       56%        1d6       4%          1
b - Static Discharge      Conj/Air       28%        2-4/arc   6%          2
c - Swiftness             Air            18%        N/A       8%          3

Your spell library contained the following spells:

 Spells                   Type           Power      Damage    Failure   Level
 Airstrike                Air            9%         2d(2-18)  26%         4


Dungeon Overview and Level Annotations

Branches:
Dungeon (2/15)

Altars:

Annotations:
D:2 Sigmund


Innate Abilities, Weirdness & Mutations

You have a beak for a mouth.
You have claws for feet.


Message History

You can't see any susceptible monsters within range! (Use Z to cast anyway.)
Found a stone staircase leading up.
j - 2 scrolls labelled KESUMPEUNN (gained 1)
Found a stone staircase leading up.
A kobold comes into view. It is wielding a +0 short sword.
The zap hits the kobold.
You kill the kobold!
l - a murky clear potion You see here a +0 short sword.
c - 6 scrolls labelled FAENUR KISH (gained 1) Sigmund the Dreaded comes into view.
He is wielding a +0 scythe.
Sigmund shouts!
Casting: Shock (safe; 4% risk of failure)
Confirm with . or Enter, or press ? or * to list all spells.
Sigmund is struck by an arc of lightning.
Sigmund is lightly wounded.
You are struck by an arc of lightning.
Sigmund is struck by an arc of lightning.
Sigmund is moderately wounded.
The lightning grounds out.
Sigmund misses you.
Casting: Static Discharge (safe; 6% risk of failure)
Confirm with . or Enter, or press ? or * to list all spells.
Sigmund is struck by an arc of lightning.
Sigmund is heavily wounded.
You are struck by an arc of lightning.
Sigmund is struck by an arc of lightning.
Sigmund is heavily wounded.
You are struck by an arc of lightning.
The lightning grounds out.
Casting: Static Discharge (safe; 6% risk of failure)
Confirm with . or Enter, or press ? or * to list all spells.
Sigmund is struck by an arc of lightning.
Sigmund is severely wounded.
You are struck by an arc of lightning.
Sigmund is struck by an arc of lightning.
Sigmund is almost dead.
You are struck by an arc of lightning.
The lightning grounds out.
Sigmund casts a spell at you. The puff of flame hits you!
Ouch! That really hurt!
You die...

#.#.##.##.....<#.......#..
#.#.##.##.##..............
#.#..........#.#.#.#.#.#..
#.####.##....#.#.#.#.#.##.
#.......#.####.#..........
########........#####..#.##
...........[†.........<#.#
######...##############.#
###...@....... ...
..#.#@######## #.#
#.#.#>...@... ###..
#.#.#####.### .....
#####.#'#####. #..
#.............# #.#
#.#......#############.#
#....................#
#......#...###.......#


You could see Sigmund.

Vanquished Creatures
  An adder (D:2)
  A dart slug (D:2)
  3 ball pythons
  2 bats
  2 endoplasms
  A giant cockroach (D:1)
  4 goblins (D:1)
  3 hobgoblins (D:1)
  2 jackals (D:1)
  A quokka (D:1)
  2 frilled lizards
  2 kobolds
  3 rats
27 creatures vanquished.

Notes
Turn   | Place    | Note
-------+----------+-------------------------------------------
     0 | D:1      | growler the Tengu Air Elementalist began the quest for the
                  | Orb.
     0 | D:1      | Reached XP level 1. HP: 10/10 MP: 4/4
   215 | D:1      | Reached XP level 2. HP: 15/15 MP: 3/6
   418 | D:1      | Learned a level 2 spell: Static Discharge
  1081 | D:1      | Reached XP level 3. HP: 19/19 MP: 5/7
  1172 | D:1      | Learned a level 3 spell: Swiftness
  1485 | D:2      | Noticed Sigmund
  1492 | D:2      | Killed from afar by Sigmund

Illustrated notes

Levels and vault maps discovered:
D:1:      erik_arrival_blinker_ship, layout_basic, grunt_decor_arrowhead,
          minmay_tree_intersection, minmay_unequal
D:2:      minmay_spotlight, layout_basic, basic_altar,
          hellmonk_ecumenical_altar_crossroads, grunt_ministairs_14,
          hangedman_decor_clover_reticule, uniq_sigmund

Skill      XL: |  1  2 |
---------------+-------+-----
Conjurations   | 2 |  2.7
Dodging        | |  2.1
Stealth        | |  2.0
Spellcasting   | |  2.6
Air Magic      | |  4.7

Action                     || total
---------------------------++-------
  Melee: Unarmed           ||    13
         Kick              ||     2
   Cast: Shock             ||    43
         Static Discharge  ||     6
 Armour: Robe              ||     2
  Dodge: Dodged            ||    23
